 Dungeon Crawl Stone Soup version 0.25.0-11-g1f837a76a1 (webtiles) character file.

Game seed: 1432232993701257038

66437 Kerr0r the Unseen (level 14, -8/74 HPs)
             Began as a Spriggan Enchanter on June 25, 2020.
             Was a Priest of Dithmenos.
             Mangled by a catoblepas (10 damage)
             ... while petrified by you
             ... on level 12 of the Dungeon on June 26, 2020.
             The game lasted 02:34:42 (30755 turns).

Kerr0r the Unseen (Spriggan Enchanter)             Turns: 30755, Time: 02:34:43

Health: -8/74      AC: 12    Str: 13    XL:     14   Next: 79%
Magic:  24/25      EV:  4    Int: 19    God:    Dithmenos [***...]
Gold:   654        SH:  0    Dex: 19    Spells: 20/26 levels left

rFire    . . .     SeeInvis +   w - +7 short sword of the Morning {flame, rPois Int+4}
rCold    . . .     Gourm    .   L - +3 buckler {rN+}
rNeg     + + +     Faith    .   S - quicksilver dragon scales
rPois    ∞         Spirit   .   (helmet restricted)
rElec    .         Reflect  +   B - +2 ratskin cloak {+Rats rPois rN+ Str-1 Int-1 Dex+1}
rCorr    .         Harm     .   (gloves unavailable)
MR       ++++.                  (boots unavailable)
Stlth    +++++++++.             g - amulet of reflection
HPRegen  0.22/turn              j - ring of protection from magic
MPRegen  0.19/turn              q - ring of Jehankuv {+Inv rPois Str+6}

@: petrified, wreathed by umbra, very quick
A: very small, unfitting armour, see invisible, herbivore, speed 3, slow
metabolism 2
a: Shadow Step, Renounce Religion, Evoke Ratskin, Evoke Invisibility


You were on level 12 of the Dungeon.
You worshipped Dithmenos.
Dithmenos was most pleased with you.
You were very hungry.

You visited 4 branches of the dungeon, and saw 22 of its levels.

You collected 1754 gold pieces.
You spent 1100 gold pieces at shops.

Inventory:

Hand Weapons
 a - a +1 dagger
 l - a +0 short sword
 t - the +7 falchion "Kyokin" {drain, +Inv rF+++ MR+ Stlth-}
   (You found it on level 5 of the Lair of Beasts)

   A truly terrible weapon, it drains the life of those it strikes.
   It renders you almost immune to fire.
   It affects your resistance to hostile enchantments.
   It lets you turn invisible.
   It makes you less stealthy.
 w - the +7 short sword of the Morning (weapon) {flame, rPois Int+4}
   (You found it on level 6 of the Dungeon)

   It has been specially enchanted to burn those struck by it, causing extra
   injury to most foes and up to half again as much damage against particularly
   susceptible opponents.
   It affects your intelligence (+4).
   It protects you from poison.
 O - a +7 dagger of freezing
Armour
 b - a +0 robe
 B - the +2 ratskin cloak (worn) {+Rats rPois rN+ Str-1 Int-1 Dex+1}
   (You bought it in a shop on level 4 of the Dungeon)

   It affects your strength (-1).
   It affects your intelligence (-1).
   It affects your dexterity (+1).
   It protects you from poison.
   It protects you from negative energy.
 I - a +1 troll leather armour
 L - a +3 buckler of positive energy (worn)
 S - quicksilver dragon scales (worn)
 V - a +2 cloak
 Z - a +2 robe of resistance
Jewellery
 g - an amulet of reflection (around neck)
 j - a ring of protection from magic (left hand)
 n - an uncursed ring of resist corrosion
 q - the ring of Jehankuv (right hand) {+Inv rPois Str+6}
   (You bought it in a shop on level 2 of the Orcish Mines)

   [ring of strength]

   It affects your strength (+6).
   It protects you from poison.
   It lets you turn invisible.
 r - an uncursed ring of stealth {unknown}
 s - an uncursed amulet of magic regeneration
 H - an uncursed ring of protection from cold
 K - an uncursed ring of protection from magic
 P - an uncursed amulet of the acrobat
 Q - a +4 ring of protection
Wands
 m - a wand of iceblast (33)
 x - a wand of flame (27)
 y - a wand of acid (10)
 D - a wand of digging (7)
 E - a wand of clouds (14)
 F - a wand of polymorph (10)
 G - a wand of enslavement (30)
 T - a wand of disintegration (60)
 W - a wand of random effects (41)
Scrolls
 e - 4 scrolls of fear
 h - 8 scrolls of remove curse
 o - a scroll of holy word {unknown}
 u - a scroll of magic mapping
 A - 3 scrolls of teleportation
 R - 2 scrolls of enchant armour
 U - a scroll of fog {unknown}
 X - 2 scrolls of amnesia
Potions
 c - a potion of stabbing
 f - 3 potions of might
 i - 2 potions of lignification
 k - 13 potions of curing
 p - 2 potions of haste
 v - 4 potions of brilliance
 z - a potion of invisibility {unknown}
 C - a potion of ambrosia {unknown}
 J - a potion of flight
 M - 2 potions of heal wounds
 N - 2 potions of magic
Comestibles
 d - 18 rations


   Skills:
 + Level 8.5 Fighting
 - Level 10.0 Short Blades
 - Level 15.0 Dodging
 * Level 17.7 Stealth
 - Level 9.0 Shields
 + Level 6.6 Spellcasting
 + Level 11.9 Hexes
 * Level 3.2 Invocations
 * Level 4.3 Evocations


You had 20 spell levels left.
You knew the following spells:

 Your Spells              Type           Power        Failure   Level  Hunger
a - Ensorcelled Hibernat  Hex/Ice        ####..       3%          2    None
b - Corona                Hex            ######.      1%          1    None
c - Confusing Touch       Hex            ######..     1%          3    ##.....

Your spell library contained the following spells:

 Spells                   Type           Power        Failure   Level  Hunger
 Slow                     Hex            ######..     1%          2    None
 Tukima's Dance           Hex            ######..     1%          3    ##.....
 Cause Fear               Hex            ######....   1%          4    ####...
 Dazzling Flash           Conj/Hex       ####..       6%          3    ##.....
 Inner Flame              Hex/Fire       ####....     6%          3    ##.....
 Portal Projectile        Hex/Tloc       ####..       6%          3    ##.....
 Spectral Weapon          Hex/Chrm       ####....     6%          3    ##.....
 Leda's Liquefaction      Hex/Erth       ####......   21%         4    ####...
 Animate Skeleton         Necr           N/A          22%         1    None
 Infusion                 Chrm           #...         22%         1    None
 Pain                     Necr           #...         22%         1    None
 Shroud of Golubria       Chrm/Tloc      #.....       34%         2    None
 Song of Slaying          Chrm           #.......     34%         2    None
 Ozocubu's Armour         Chrm/Ice       #.......     56%         3    ##.....
 Vampiric Draining        Necr           #.........   56%         3    ##.....
 Animate Dead             Necr           N/A          92%         4    ####...
 Agony                    Necr           #.......     99%         5    #####..


Dungeon Overview and Level Annotations

Branches:
Dungeon (13/15)            Temple (1/1) D:6            Lair (6/6) D:9
 Shoals (0/4) Lair:4       Spider (0/4) Lair:2        Slime (0/5) Lair:5
    Orc (2/2) D:11            Elf (0/3) Orc:2
 Vaults: D:13-14

Altars:
Ashenzari
Cheibriados
Dithmenos
Elyvilon
Fedhas
Gozag
Hepliaklqana
Kikubaaqudgha
Makhleb
Nemelex Xobeh
Okawaru
Qazlal
Ru
Sif Muna
Trog
Uskayaw
Vehumet
Wu Jian
Xom
Yredelemnul
Zin
The Shining One
Beogh

Shops:
D:4 [}(!%   D:13 %   Orc:2 }*:*

Annotations:
D:3 Grinder
D:11 Fannar
Lair:5 exclusion: 4 oklob plants


Innate Abilities, Weirdness & Mutations

You are very small and have problems with some larger weapons.
You are too small for most types of armour.
You have supernaturally acute eyesight. (SInv)
You are a herbivore.
You cover ground extremely quickly.
You need to consume almost no food.


Message History

The catoblepas breathes a plume of calcifying dust at you.
The blast of calcifying dust hits you!
You hit the catoblepas but do no damage.
The catoblepas gores you!!
* * * LOW HITPOINT WARNING * * *
The catoblepas breathes a plume of calcifying dust at you.
The blast of calcifying dust hits you but does no damage.
The catoblepas breathes a plume of calcifying dust at you.
The blast of calcifying dust hits you.
* * * LOW HITPOINT WARNING * * *
You are engulfed in calcifying dust.
You are slowing down.
Your hands stop glowing.
Your limbs are stiffening.
You have turned to stone.
The catoblepas gores you.
* * * LOW HITPOINT WARNING * * *
The catoblepas gores you but does no damage.
The catoblepas gores you!!
You die...

#...........#(......#....#
#....##...###)..##..##...#
####'##'##########..##...#
......#...#..............#
#.....#...#..............#
#.....#...#...........[..#
......#...#........[.....#
......#...#..............#
......#...#....Y@..[.....#
#...########..####'########
#...###..###§.#...........#
...........Y.§#...........#
........(<§§§.#...........#
.........Y§...#...........#
....##........#...........#
######........#...........#
........>.....#...........#


You could see a catoblepas.

Vanquished Creatures
  Donald (Orc:2)
  An orc warlord (Orc:2)
  Josephine (Lair:5)
  Harold (Lair:2)
  4 hydras
  Erica (D:9)
  An ogre mage (Orc:2)
  6 two-headed ogres
  A tengu warrior (D:12)
  4 orc high priests (Orc:2)
  Sonja (Lair:3)
  An unseen horror (D:12)
  Pikel (D:9)
  3 orc knights (Orc:2)
  A deep elf mage (D:13)
  A wolf spider (Lair:6)
  4 orc sorcerers (Orc:2)
  A cyclops (Orc:1)
  3 ugly things
  9 elephants
  2 manticores
  7 black mambas
  Psyche (D:9)
  8 spiny frogs
  A torpor snail (Lair:6)
  A centaur skeleton (D:11)
  4 komodo dragons
  A rime drake (Lair:1)
  An efreet (D:12)
  10 polar bears (Lair:6)
  8 trolls
  A jumping spider (Lair:2)
  2 raiju (Lair:6)
  12 blink frogs
  3 dream sheep (Lair:5)
  10 hippogriffs
  2 redbacks (Lair:2)
  A vampire (D:12)
  4 wraiths (Lair:5)
  A wyvern (D:9)
  22 yaks
  Grum (D:9)
  5 basilisks
  8 wargs
  10 water moccasins
  39 orc warriors
  Duvessa (D:6)
  15 hell hounds (Lair:6)
  6 porcupines
  An ice beast (D:5)
  11 black bears (Lair:6)
  4 sky beasts
  A slave (D:9)
  A phantom (D:7)
  36 wolves
  20 ogres
  7 centaurs
  12 crocodiles
  Blork the orc (D:5)
  A wyvern zombie (D:11)
  Dowan (D:6)
  7 bullfrogs
  6 scorpions
  15 killer bees
  2 electric eels (Lair:4)
  3 howler monkeys
  3 crimson imps
  3 centaur zombies
  3 quasits
  A bullfrog zombie (D:9)
  5 hounds
  A jelly (D:5)
  28 orc priests
  14 orc wizards
  6 iguanas
  Terence (D:2)
  Natasha (D:2)
  5 worker ants
  A worker ant zombie (D:8)
  A howler monkey zombie (D:8)
  11 adders
  4 shadow imps
  An ooze (D:6)
  3 adder skeletons
  3 worms
  3 dart slugs
  8 leopard geckos
  99 orcs
  A bat zombie (D:9)
  7 giant cockroaches
  6 goblins
  2 hobgoblins
  10 jackals
  5 quokkas
  4 ball pythons
  14 bats
  4 frilled lizards
  A jackal skeleton (D:4)
  4 kobolds
  A quokka zombie (D:7)
  8 rats
  2 rat zombies (D:9)
  A spectral orc (D:3)
637 creatures vanquished.

Vanquished Creatures (collateral kills)
  2 dream sheep (Lair:5)
  A wraith (Lair:5)
3 creatures vanquished.

Vanquished Creatures (others)
  A blink frog (Lair:1)
  2 yaks (D:10)
  A sky beast (D:10)
  An orc wizard (Orc:2)
  15 fungi
  14 plants
34 creatures vanquished.

Grand Total: 674 creatures vanquished

Notes
Turn   | Place    | Note
-------+----------+-------------------------------------------
     0 | D:1      | Kerr0r the Spriggan Enchanter began the quest for the Orb.
     0 | D:1      | Reached XP level 1. HP: 9/9 MP: 5/5
   347 | D:1      | Reached XP level 2. HP: 13/13 MP: 6/6
   408 | D:1      | Reached skill level 5 in Stealth
   796 | D:2      | Noticed a scorpion
   915 | D:2      | Learned a level 2 spell: Ensorcelled Hibernation
   917 | D:2      | Learned a level 1 spell: Corona
  1147 | D:2      | Found a hazy altar of Hepliaklqana.
  1182 | D:2      | Noticed Terence
  1286 | D:2      | Noticed a howler monkey
  1297 | D:2      | Killed a howler monkey
  1297 | D:2      | Reached skill level 6 in Stealth
  1297 | D:2      | Reached XP level 3. HP: 16/16 MP: 5/8
  1455 | D:2      | Reached XP level 4. HP: 19/21 MP: 9/9
  1840 | D:2      | Noticed Natasha
  1843 | D:2      | Found an ornate altar of the Wu Jian Council.
  2072 | D:2      | Killed Terence
  2738 | D:2      | Reached skill level 7 in Stealth
  2738 | D:2      | Reached XP level 5. HP: 24/24 MP: 7/10
  3008 | D:2      | Killed Natasha
  4063 | D:3      | Found a basalt altar of Yredelemnul.
  4246 | D:3      | Noticed Grinder
  4329 | D:3      | Found a glowing silver altar of Zin.
  4432 | D:4      | Found Vicenkel's Food Shoppe.
  4463 | D:4      | Noticed an ogre
  4472 | D:4      | Killed an ogre
  4472 | D:4      | Reached skill level 5 in Short Blades
  4472 | D:4      | Reached skill level 8 in Stealth
  4472 | D:4      | Reached XP level 6. HP: 28/28 MP: 8/11
  4627 | D:4      | Found Von Ces's Distillery.
  4630 | D:4      | Bought a potion of curing for 30 gold pieces
  4630 | D:4      | Bought a potion of curing for 30 gold pieces
  4638 | D:4      | You fall into a shaft and drop 2 floors!
  4643 | D:6      | Noticed Dowan
  4798 | D:6      | Reached skill level 5 in Hexes
  4802 | D:6      | Found a sparkling altar of Nemelex Xobeh.
  4850 | D:6      | Found a bloodstained altar of Trog.
  4953 | D:6      | Got a slimy short sword
  4963 | D:6      | Identified the +7 short sword of the Morning {flame, rPois
                  | Int+4} (You found it on level 6 of the Dungeon)
  5008 | D:6      | Found a snail-covered altar of Cheibriados.
  5038 | D:5      | Entered Level 5 of the Dungeon
  5038 | D:5      | Noticed Blork the orc
  5040 | D:5      | Killed Blork the orc
  5040 | D:5      | Reached XP level 7. HP: 32/32 MP: 12/14
  5207 | D:4      | Found Kicymav's Antique Weapon Shop.
  5378 | D:4      | Found Vifast's Gadget Shop.
  5426 | D:4      | Found a blossoming altar of Fedhas.
  5466 | D:4      | Found Hamay's Armour Emporium.
  5500 | D:4      | Reached skill level 1 in Fighting
  5500 | D:4      | Reached XP level 8. HP: 37/37 MP: 15/15
  6337 | D:5      | Reached skill level 5 in Dodging
  7298 | D:6      | Noticed Duvessa
  7414 | D:6      | Found a staircase to the Ecumenical Temple.
  7423 | Temple   | Entered the Ecumenical Temple
  7457 | Temple   | Became a worshipper of Dithmenos the Shadowed
  7550 | D:6      | Killed Duvessa
  7553 | D:6      | Killed Dowan
  8752 | D:8      | Found a shattered altar of Ashenzari.
  8790 | D:8      | Reached skill level 9 in Stealth
  8808 | D:8      | Reached XP level 9. HP: 44/44 MP: 9/16
  8964 | D:8      | Found a radiant altar of Vehumet.
  9033 | D:8      | Found a shimmering blue altar of Sif Muna.
  9175 | D:8      | Reached skill level 1 in Shields
 10110 | D:9      | Noticed a two-headed ogre
 10110 | D:9      | Noticed a troll
 10112 | D:9      | Killed a troll
 10157 | D:9      | Noticed Psyche
 10164 | D:9      | Killed Psyche
 10164 | D:9      | Reached * piety under Dithmenos
 10203 | D:9      | Reached skill level 5 in Shields
 10462 | D:9      | Noticed Grum
 10516 | D:9      | Reached XP level 10. HP: 36/49 MP: 11/17
 10603 | D:9      | Found an iron altar of Okawaru.
 10642 | D:9      | Found a staircase to the Lair.
 10667 | D:9      | Killed a two-headed ogre
 10799 | D:9      | Killed Grum
 10870 | D:9      | Noticed Erica
 10995 | D:9      | Noticed Pikel
 11021 | D:9      | Killed Pikel
 11268 | D:9      | Killed Erica
 11275 | D:9      | Found an ancient bone altar of Kikubaaqudgha.
 11347 | D:10     | Entered Level 10 of the Dungeon
 11651 | D:10     | Found a hide-covered altar of Uskayaw.
 11723 | D:10     | Reached skill level 10 in Stealth
 11730 | D:10     | Reached XP level 11. HP: 49/52 MP: 4/18
 12023 | D:11     | Noticed a green ugly thing
 12056 | D:11     | Noticed a two-headed ogre
 12063 | D:11     | Killed a two-headed ogre
 12070 | D:11     | Reached ** piety under Dithmenos
 12113 | D:11     | Reached skill level 11 in Stealth
 12268 | D:11     | Noticed a skeletal warrior
 12268 | D:11     | Noticed a skeletal warrior
 12638 | D:11     | Killed a purple ugly thing
 12765 | D:11     | Found a staircase to the Orcish Mines.
 12937 | D:11     | Reached skill level 12 in Stealth
 12942 | D:11     | Learned a level 3 spell: Confusing Touch
 13089 | D:11     | Noticed Fannar
 13474 | D:4      | Bought the +2 ratskin cloak {+Rats rPois rN+ Str-1 Int-1
                  | Dex+1} for 333 gold pieces
 13474 | D:4      | Found the +2 ratskin cloak {+Rats rPois rN+ Str-1 Int-1
                  | Dex+1}
 13620 | Lair:1   | Entered Level 1 of the Lair of Beasts
 13865 | Lair:1   | Reached *** piety under Dithmenos
 13865 | Lair:1   | Reached skill level 5 in Spellcasting
 14446 | Lair:1   | Reached XP level 12. HP: 58/58 MP: 17/21
 14858 | Lair:2   | Reached skill level 13 in Stealth
 15003 | Lair:2   | Noticed Harold
 15009 | Lair:2   | Killed Harold
 15269 | Lair:2   | Found a hole to the Spider Nest.
 15581 | Lair:2   | Reached skill level 10 in Dodging
 15793 | Lair:3   | Noticed Sonja
 15808 | Lair:3   | Killed Sonja
 16668 | Lair:3   | Reached skill level 5 in Fighting
 16906 | Lair:3   | Reached **** piety under Dithmenos
 17170 | Lair:4   | Noticed a catoblepas
 17264 | Lair:4   | Noticed a six-headed hydra
 17278 | Lair:4   | Killed a six-headed hydra
 17278 | Lair:4   | Reached skill level 10 in Hexes
 17337 | Lair:4   | Reached skill level 14 in Stealth
 17405 | Lair:4   | Found a staircase to the Shoals.
 17454 | Lair:4   | Reached skill level 10 in Short Blades
 17706 | Lair:4   | Found an opulent altar of Gozag.
 18662 | Lair:5   | Noticed a four-headed hydra
 18669 | Lair:5   | Killed a four-headed hydra
 18836 | Lair:5   | Noticed Josephine
 18874 | Lair:5   | Found a staircase to the Slime Pits.
 19177 | Lair:4   | Reached XP level 13. HP: 65/65 MP: 19/23
 19950 | Lair:5   | Reached skill level 15 in Stealth
 20494 | Lair:5   | Killed Josephine
 20725 | Lair:6   | Entered Level 6 of the Lair of Beasts
 21870 | Lair:6   | Reached skill level 15 in Dodging
 23150 | Lair:6   | Reached skill level 16 in Stealth
 23900 | Lair:5   | Got a fine falchion
 23901 | Lair:5   | Identified the +7 falchion "Kyokin" {drain, +Inv rF+++ MR+
                  | Stlth-} (You found it on level 5 of the Lair of Beasts)
 24321 | Orc:1    | Entered Level 1 of the Orcish Mines
 24376 | Orc:2    | Entered Level 2 of the Orcish Mines
 24496 | Orc:2    | Reached XP level 14. HP: 59/72 MP: 11/24
 24931 | Orc:2    | Reached ***** piety under Dithmenos
 25370 | Orc:2    | Found a staircase to the Elven Halls.
 25906 | Orc:2    | Noticed Donald
 25910 | Orc:2    | Found Baiq's Book Boutique.
 26171 | Orc:2    | Found a roughly hewn altar of Beogh.
 26245 | Orc:2    | Reached skill level 17 in Stealth
 26390 | Orc:2    | Found Otaheujo's Assorted Antiques.
 26397 | Orc:2    | Bought a scroll of teleportation for 87 gold pieces
 26397 | Orc:2    | Bought a notched peridot ring for 145 gold pieces
 26397 | Orc:2    | Bought a transparent ivory ring for 145 gold pieces
 26406 | Orc:2    | Identified the ring of Jehankuv {+Inv rPois Str+6} (You
                  | bought it in a shop on level 2 of the Orcish Mines)
 26416 | Orc:2    | Found Initine's Gadget Shoppe.
 26423 | Orc:2    | Bought a wand of digging (3) for 154 gold pieces
 26423 | Orc:2    | Bought a wand of digging (4) for 176 gold pieces
 26895 | Orc:2    | Killed Donald
 27279 | Orc:2    | Reached skill level 1 in Invocations
 27279 | Orc:2    | Reached skill level 1 in Evocations
 27433 | Orc:2    | Found a roughly hewn altar of Beogh.
 27433 | Orc:2    | Noticed an orc warlord
 27817 | Orc:2    | Killed an orc warlord
 28230 | Orc:2    | Found Xoshrola's General Store.
 30660 | D:13     | Found Jixier's Food Shop.
 30745 | D:12     | HP: 3/74 [something/blast of calcifying dust (4)]
 30753 | D:12     | HP: 2/74 [catoblepas (3)]
 30755 | D:12     | Mangled by a catoblepas

Illustrated notes

Levels and vault maps discovered:
D:1:      onia_arrival_mini_maze_b, layout_loops_ring
D:2:      layout_basic, lemuel_round_altar, overflow_temple_1_default,
          minmay_pentomino_pile, uniq_natasha, uniq_terence
D:3:      layout_basic, yredelemnul_forgotten_temple_becter, marbit_many_paths,
          first_ration, minmay_fountain_box, st_stairs_14, uniq_grinder
D:4:      layout_basic, fedhas_altar_2, nicolae_ossuary_entry_plus,
          serial_shops, shop_coins, shop_fountains, nicolae_shop_behind_doors,
          nicolae_shop_behind_doors, shop, minmay_misc_feat_enclosed,
          chequers_serial_rivers_micro_d, grunt_ministairs_4,
          kennysheep_another_room, minmay_checkerbox
D:5:      layout_rooms, serial_corexii_hall, corexii_hall_statues_s,
          corexii_hall_statues_t, chequers_hall_statues_y,
          chequers_hall_statues_wall_a, uniq_blork_the_orc
D:6:      layout_loops_cross, lemuel_doored_altar,
          nicolae_overflow_hidden_temple, lemuel_temple_firewalk_b,
          nemelex_dance_club_becter, uniq_duvessa
D:7:      layout_basic
D:8:      layout_gridville, kennysheep_mini, evilmike_ruin_ashenzari,
          lemuel_round_altar, minivault_19
D:9:      layout_rooms, lemuel_zombie_altar_kikubaaqudgha, lemuel_round_altar,
          lair_entry_dummy, uniq_pikel, uniq_grum, uniq_psyche, uniq_erica
D:10:     layout_roguey, basic_altar
D:11:     layout_basic, david_orc_2, uniq_fannar
D:12:     layout_gridville, grunt_tengu_nest
D:13:     minmay_tile_spiral, layout_cave_pools, serial_shops,
          nicolae_shop_window_shopping
Temple:   compressed_dpeg_circular_temple
Lair:1:   layout_roguey, chequers_serial_rivers_small_b
Lair:2:   layout_roguey, spider_nest_entry_a, uniq_harold
Lair:3:   layout_cave_pods, uniq_sonja
Lair:4:   layout_layer_cave, minmay_shoals_entry_beasts, basic_altar,
          serial_bayou_lagoon_b, grunt_megastairs_5, lemuel_fruit_fields,
          infiniplex_staircase_pool
Lair:5:   layout_regular_city, minmay_slime_entry_oklob_open,
          kennysheep_catoblepas_arena, serial_bayou_shore_a, grunt_megastairs_3,
          uniq_josephine
Lair:6:   hangedman_lair_caniforms_friends, layout_cellular_growth
Orc:1:    layout_diamond_mine
Orc:2:    pubby_orc_utopia, uniq_donald

Skill      XL: |  1  2  3  4  5  6  7  8  9 10 11 12 13 14 |
---------------+-------------------------------------------+-----
Stealth        | 6 7 8 9 10 12 14 16 17 | 17.7
Short Blades   | 3 4 5 6 8 10 | 10.0
Hexes          | 4 5 8 10 11 | 11.9
Spellcasting   | 4 5 6 |  6.6
Fighting       | 1 3 4 5 7 8 |  8.5
Dodging        | 8 9 11 15 | 15.0
Shields        | 6 9 |  9.0
Invocations    | 3 |  3.2
Evocations     | 4 |  4.3

Action                   |  1- 3 |  4- 6 |  7- 9 | 10-12 | 13-15 || total
-------------------------+-------+-------+-------+-------+-------++-------
Melee: Dagger            |    97 |   203 |       |   330 |   764 ||  1394
       Short sword       |       |     3 |   229 |   362 |   706 ||  1300
       Falchion          |       |       |       |       |   164 ||   164
 Cast: Corona            |    10 |     1 |     3 |    12 |     4 ||    30
       Ensorcelled Hiber |     5 |    41 |    57 |   129 |   126 ||   358
       Confusing Touch   |       |       |       |    23 |    42 ||    65
Invok: Shadow Step       |       |       |       |     1 |    22 ||    23
 Abil: Evoke Ratskin     |       |       |       |       |     2 ||     2
       Evoke Invisibilit |       |       |       |       |     3 ||     3
  Use: Scroll            |     5 |       |     5 |    21 |    13 ||    44
       Potion            |       |       |       |       |     1 ||     1
 Stab: Sleeping          |     6 |    34 |    45 |    61 |    73 ||   219
       Distracted        |     1 |     1 |     6 |     5 |    14 ||    27
       Confused          |       |       |       |    14 |    37 ||    51
       Invisible         |       |       |       |       |     7 ||     7
  Eat: Ration            |       |     2 |     3 |     7 |     9 ||    21
Armor: Robe              |    18 |    21 |    10 |       |       ||    49
       Troll leather arm |       |       |       |    30 |       ||    30
       Quicksilver drago |       |       |       |    21 |    84 ||   105
Dodge: Dodged            |   135 |   138 |   133 |   358 |   694 ||  1458
Block: Other             |       |       |    24 |    53 |       ||    77
       Buckler           |       |       |     2 |   240 |  1033 ||  1275
       Reflection        |       |       |       |     4 |    12 ||    16
       Rpst.: Falchion   |       |       |       |       |    27 ||    27
